[Event "fics rated crazyhouse match"]
[Site "fics, Oklahoma City, OK USA"]
[Date "2000.03.28"]
[White "Eyefor"]
[WhiteElo "2314"]
[Black "LordPixel"]
[BlackElo "2345"]
[TimeControl "60+0"]
[Result "1-0"]

1. e4 Nf6 2. Nc3 d5 3. exd5 Nxd5 4. Nf3 e6 5. d4 Bb4 6. Bd2 
Bxc3 7. Bxc3 Nxc3 8. bxc3 P@b2 9. Bb5+ c6 10. Rb1 cxb5 11. N@h5 N@f5 
12. Rxb2 B@c4 13. B@e5 Qa5 14. Qd2 B@h6 15. P@g5 Qa3 16. gxh6 Qxb2 17. Nxg7+ 
Nxg7 18. hxg7 R@c1+ 19. N@d1 Rg8 20. Bxb8 Rxd1+ 21. Qxd1 Qxc3+ 22. P@d2 N@d3+ 
23. cxd3 N@c2+ 24. Qxc2 Qxc2 25. N@f6+ Ke7 26. Nxg8+ Kd8 27. P@c7+ Kd7 28. R@d8+ 
Kc6 29. R@d6# 
{LordPixel checkmated} 1-0

[Event "fics rated crazyhouse match"]
[Site "fics, Oklahoma City, OK USA"]
[Date "2000.03.28"]
[White "LordPixel"]
[WhiteElo "2336"]
[Black "Eyefor"]
[BlackElo "2323"]
[TimeControl "0+1"]
[Result "1-0"]

1. e4 e6 2. d4 d6 3. Nf3 Nf6 4. Bd3 Nc6 5. c3 e5 6. d5 
Nb8 7. h3 Nbd7 8. Be3 Be7 9. Na3 h5 10. Qe2 h4 11. Nc4 Nb6 
12. Nxb6 axb6 13. Bb5+ Kf8 14. Bd3 N@b3 15. Qd1 Nxa1 16. Qxa1 R@a7 17. N@b4 
Ke8 18. N@b5 Ra5 19. Ng5 Bd7 20. Nxf7 Kxf7 21. P@e6+ Ke8 22. exd7+ Nxd7 
23. B@e6 P@f7 24. Bxf7+ Kxf7 25. P@e6+ Kf8 26. exd7 N@f4 27. Bxf4 Qxd7 28. N@g6+ 
Ke8 29. Nxc7+ Qxc7 30. N@e6 Qd7 31. Nxg7+ Kd8 32. Ne6+ Kc8 33. Nxh8 exf4 
34. R@g8+ B@e8 35. P@f7 P@d2+ 36. Kxd2 B@e3+ 37. Kd1 N@f6 38. fxe8=Q+ Nxe8 39. fxe3 
fxe3 40. P@f7 Qa4+ 41. B@c2 Qxc2+ 42. Nxc2 B@h5+ 43. P@e2 Bd8 44. Rxe8 Bxe2+ 
45. Bxe2 Rxd5+ 46. exd5 Kd7 47. N@f8+ Kc8 48. Rxd8# 
{Eyefor checkmated} 1-0

[Event "fics rated crazyhouse match"]
[Site "fics, Oklahoma City, OK USA"]
[Date "2000.03.28"]
[White "Eyefor"]
[WhiteElo "2315"]
[Black "LordPixel"]
[BlackElo "2344"]
[TimeControl "60+0"]
[Result "1-0"]

1. e4 Nf6 2. Nc3 d5 3. exd5 Nxd5 4. Nf3 e6 5. d4 Bb4 6. Bd2 
Bxc3 7. Bxc3 Nxc3 8. bxc3 P@b2 9. Bb5+ c6 10. B@g5 bxa1=Q 11. Qxa1 Qc7 
12. N@h5 R@e4+ 13. P@e2 N@f5 14. Bd3 B@g6 15. Bxe4 Bxh5 16. P@f6 gxf6 17. Bxf6 
P@g7 18. Bxf5 Bxf3 19. R@d8+ Qxd8 20. Bxd8 Kxd8 21. Q@d6+ Bd7 22. P@c7+ Ke8 
23. c8=Q+ Bxc8 24. N@c7# 
{LordPixel checkmated} 1-0

[Event "fics rated crazyhouse match"]
[Site "fics, Oklahoma City, OK USA"]
[Date "2000.03.28"]
[White "LordPixel"]
[WhiteElo "2335"]
[Black "Eyefor"]
[BlackElo "2324"]
[TimeControl "0+1"]
[Result "1-0"]

1. e4 e6 2. d4 Nf6 3. e5 Nd5 4. Nf3 Nc6 5. Be2 d6 6. exd6 
cxd6 7. O-O Be7 8. c4 Nf6 9. Nc3 P@c7 10. P@b5 Nb8 11. Bf4 Ng4 
12. h3 Nf6 13. Ng5 Nbd7 14. Nxf7 Kxf7 15. P@h6 gxh6 16. Bxh6 P@g7 17. Bxg7 
Kxg7 18. P@h6+ Kxh6 19. P@g5+ Kxg5 20. d5 exd5 21. cxd5 P@h2+ 22. Kxh2 Kg6 
23. Kh1 Kf7 24. P@e6+ Kf8 25. exd7 Bxd7 26. P@e6 Be8 27. N@h6 P@h2 28. Nf5 
N@f4 29. Kxh2 Nxe2 30. P@g7+ Kg8 31. Nxe7+ Qxe7 32. gxh8=Q+ Kxh8 33. Nxe2 Bxb5 
34. N@f7+ Qxf7 35. exf7 Bxe2 36. Qxe2 N@e5 37. Kh1 Nxf7 38. Q@e7 Nxd5 39. Qxf7 
N@g3+ 40. fxg3 P@g7 41. R@e8+ Rxe8 42. Qexe8+ R@f8 43. Qexf8+ N@g8 44. Q7xg8# 
{Eyefor checkmated} 1-0

[Event "fics rated crazyhouse match"]
[Site "fics, Oklahoma City, OK USA"]
[Date "2000.03.28"]
[White "LordPixel"]
[WhiteElo "2334"]
[Black "Eyefor"]
[BlackElo "2325"]
[TimeControl "0+1"]
[Result "1-0"]

1. e4 Nf6 2. e5 Nd5 3. d4 e6 4. Nf3 Nc6 5. Bb5 Bb4+ 6. Bd2 
Nf4 7. Rg1 Bxd2+ 8. Qxd2 B@a5 9. B@c3 Bxc3 10. Nxc3 Nb4 11. B@g5 Nxg2+ 
12. Rxg2 P@f6 13. exf6 gxf6 14. N@g7+ Kf8 15. Bh6 Ke7 16. P@e5 fxe5 17. Bg5+ 
f6 18. Bxf6+ Kxf6 19. Qg5+ Kf7 20. Nxe5+ Kg8 21. Qxd8# 
{Eyefor forfeits on time} 1-0

[Event "fics rated crazyhouse match"]
[Site "fics, Oklahoma City, OK USA"]
[Date "2000.03.28"]
[White "Eyefor"]
[WhiteElo "2317"]
[Black "LordPixel"]
[BlackElo "2342"]
[TimeControl "0+1"]
[Result "1-0"]

1. e4 Nf6 2. e5 Nd5 3. d4 e6 4. Nf3 Bb4+ 5. Bd2 Nc6 6. Bxb4 
Ncxb4 7. a3 Nc6 8. Nc3 Nxc3 9. bxc3 N@e4 10. N@h5 B@h6 11. Qd3 d5 
12. B@c5 Nxe5 13. Nxe5 P@d2+ 14. Ke2 Nxc5 15. dxc5 B@e4 16. Qb5+ c6 17. Nxc6 
bxc6 18. Qxc6+ Kf8 19. Nxg7 Bxg7 20. Kxd2 Bxc3+ 21. Kxc3 d4+ 22. Kd2 P@c3+ 
23. Ke1 Bxc6 24. B@d6+ N@e7 25. P@g7+ Kxg7 26. Be5+ P@f6 27. N@h5+ Kh6 28. N@g4+ 
Kxh5 29. Nxf6+ Kg6 30. P@h5+ Kg5 31. P@f4+ Kh6 32. P@g5+ Kg7 33. h6+ Kg6 
34. P@h5+ Kf5 35. g4# 
{LordPixel checkmated} 1-0

[Event "fics rated crazyhouse match"]
[Site "fics, Oklahoma City, OK USA"]
[Date "2000.03.28"]
[White "LordPixel"]
[WhiteElo "2333"]
[Black "Eyefor"]
[BlackElo "2326"]
[TimeControl "0+1"]
[Result "0-1"]

1. e4 Nf6 2. Nc3 d5 3. exd5 Nxd5 4. Nf3 e6 5. d4 Nxc3 6. bxc3 
P@e4 7. Bb5+ Nd7 8. Ng5 N@d6 9. Qh5 g6 10. Qe2 Nxb5 11. Qxb5 B@c6 
12. Qe2 e3 13. f4 Bxg2 14. Qxg2 P@d2+ 15. Bxd2 exd2+ 16. Qxd2 h6 17. Nxf7 
Kxf7 18. N@e5+ Nxe5 19. N@d6+ cxd6 20. P@g2 N@f3+ 21. gxf3 Nxf3+ 22. Ke2 Nxd2 
23. Kxd2 N@c4+ 24. Ke1 Q@d2+ 25. Kf1 P@g2+ 26. Kg1 N@f3# 
{LordPixel checkmated} 0-1

[Event "fics rated crazyhouse match"]
[Site "fics, Oklahoma City, OK USA"]
[Date "2000.03.28"]
[White "Eyefor"]
[WhiteElo "2334"]
[Black "LordPixel"]
[BlackElo "2325"]
[TimeControl "0+1"]
[Result "1-0"]

1. e4 Nf6 2. Nc3 d5 3. exd5 Nxd5 4. Nf3 e6 5. d4 Nxc3 6. bxc3 
P@e4 7. Bb5+ c6 8. Bg5 Qc7 9. Be2 exf3 10. Bxf3 N@b2 11. Qb1 N@c4 
12. P@b3 Bd6 13. bxc4 Nxc4 14. N@h5 f6 15. N@d2 Na3 16. Bxf6 gxf6 17. Nxf6+ 
Kd8 18. Qb2 P@g7 19. Nfe4 B@a4 20. P@b3 Bb5 21. P@c5 Nxc2+ 22. Qxc2 Bxh2 
23. P@d6 Bxd6 24. cxd6 Qd7 25. B@e7+ Qxe7 26. dxe7+ Kxe7 27. Q@g5+ B@f6 28. Qc5+ 
Kf7 29. N@d6+ Kg8 30. Nxf6+ gxf6 31. B@f7+ Kf8 32. Nxc8+ Kxf7 33. Qe7+ Kg8 
34. B@f7+ Kg7 35. Bxe6+ P@f7 36. Qxf7# 
{LordPixel checkmated} 1-0

[Event "fics rated crazyhouse match"]
[Site "fics, Oklahoma City, OK USA"]
[Date "2000.03.28"]
[White "LordPixel"]
[WhiteElo "2317"]
[Black "Eyefor"]
[BlackElo "2342"]
[TimeControl "0+1"]
[Result "1-0"]

1. e4 e6 2. d4 d6 3. Nc3 Nf6 4. Nf3 Be7 5. Be2 Nc6 6. Be3 
Ng4 7. O-O e5 8. d5 Nb8 9. Qd2 Nxe3 10. Qxe3 B@f4 11. Qd3 a6 
12. N@h5 Bh6 13. h3 Nd7 14. Qd1 Nc5 15. b4 Nd7 16. Bc4 g6 17. Ng3 
Bf4 18. Nge2 Bh6 19. a4 Nf6 20. b5 a5 21. Bd3 Bd7 22. Rb1 Bg7 
23. Bc4 Rf8 24. Qd2 h6 25. Rb2 Qc8 26. Qd3 Qd8 27. Qd2 g5 28. Nh2 
Rh8 29. Rd1 Rh7 30. Kf1 h5 31. Nf3 Bh6 32. Qe1 Qc8 33. Kg1 h4 
34. Qf1 Rh8 35. Rd3 g4 36. hxg4 Nxg4 37. P@c6 P@a3 38. cxd7+ Qxd7 39. Ra2 
P@e3 40. B@e1 exf2+ 41. Bxf2 P@h2+ 42. Nxh2 Nxh2 43. Kxh2 N@b2 44. Rxb2 axb2 
45. Kh1 R@c1 46. N@g7+ Kd8 47. N@e6+ fxe6 48. Nxe6+ Kc8 49. Rd1 Rxc2 50. P@c6 
bxc6 51. dxc6 N@g3+ 52. Nxg3 Qxc6 53. bxc6 b1=Q 54. Q@d7+ Kb8 55. Qxc7# 
{Eyefor checkmated} 1-0

[Event "fics rated crazyhouse match"]
[Site "fics, Oklahoma City, OK USA"]
[Date "2000.03.28"]
[White "Eyefor"]
[WhiteElo "2333"]
[Black "LordPixel"]
[BlackElo "2326"]
[TimeControl "60+0"]
[Result "1-0"]

1. e4 Nf6 2. Nc3 d5 3. exd5 Nxd5 4. Nf3 e6 5. d4 Bb4 6. Bd2 
Bxc3 7. Bxc3 Nxc3 8. bxc3 P@b2 9. B@b5+ Bd7 10. N@h5 bxa1=R 11. Nxg7+ Kf8 
12. Qxa1 R@e4+ 13. Bbe2 N@f4 14. P@e3 Nxe2 15. Bxe2 Rg4 16. P@h6 Rxg2 17. N@f4 
Rxf2 18. Kxf2 P@e4 19. Ngxe6+ Bxe6 20. P@g7+ Ke7 21. P@f6+ Kd7 22. R@e7+ Kc8 
23. gxh8=Q N@g4+ 24. Ke1 B@f2+ 25. Kf1 Nxe3+ 26. Kxf2 Ng4+ 27. Kf1 Ne3+ 28. Kg1 
P@f2+ 29. Kxf2 Ng4+ 30. Kf1 Ne3+ 31. Kg1 P@f2+ 32. Kxf2 Ng4+ 33. Kf1 Ne3+ 
34. Kg1 Qxh8 35. R@e8+ Qxe8 36. Rxe8+ B@d8 37. Rxd8+ Kxd8 38. P@e7+ Kd7 39. Ne5+ 
Ke8 40. Q@d8# 
{LordPixel checkmated} 1-0

[Event "fics rated crazyhouse match"]
[Site "fics, Oklahoma City, OK USA"]
[Date "2000.03.28"]
[White "Eyefor"]
[WhiteElo "2332"]
[Black "LordPixel"]
[BlackElo "2327"]
[TimeControl "60+0"]
[Result "0-1"]

1. e4 Nf6 2. e5 Nd5 3. d4 Nc6 4. Bc4 e6 5. Bxd5 exd5 6. Nc3 
d6 7. N@g5 B@b4 8. exd6 Bfxd6 9. P@c5 Bxc3+ 10. bxc3 P@b2 11. Bxb2 Qxg5 
12. cxd6 N@c4 13. dxc7 Nxb2 14. Qe2+ N@e4 15. Kf1 Qd2 16. B@e1 Qxe2+ 17. Nxe2 
B@d1 18. Nf4 Bxc2 19. Nxd5 P@e2+ 20. Kxe2 Q@d3# 
{Eyefor checkmated} 0-1

[Event "fics rated crazyhouse match"]
[Site "fics, Oklahoma City, OK USA"]
[Date "2000.03.28"]
[White "LordPixel"]
[WhiteElo "2335"]
[Black "Eyefor"]
[BlackElo "2324"]
[TimeControl "60+0"]
[Result "1-0"]

1. e4 Nf6 2. Nc3 d5 3. exd5 Nxd5 4. Nf3 e6 5. d4 Bb4 6. Bd2 
Nxc3 7. bxc3 N@b2 8. Qb1 Ba3 9. N@b5 P@e3 10. fxe3 Qe7 11. Bc1 Nc6 
12. P@f2 Nxd4 13. Nfxd4 P@e5 14. Nb3 Nd3+ 15. Bxd3 Bxc1 16. Qxc1 B@d5 17. P@d6 
cxd6 18. N@c7+ Kf8 19. Nxa8 Bxg2 20. Nxa7 Bxh1 21. Nxc8 R@g1+ 22. R@f1 Rxf1+ 
23. Bxf1 Qd8 24. P@c7 Qxc8 25. R@d8+ R@e8 26. Rxc8 N@f3+ 27. Kd1 Rxc8 28. Q@d8+ 
R@e8 29. Qxd6+ P@e7 30. N@d7+ Kg8 31. Qb4 Rxa8 32. Qxb7 N@g4 33. B@g3 P@g2 
34. Bxg2 Bxg2 35. Nxe5 B@d5 36. Nc6 Ngxh2 37. Bxh2 P@e2+ 38. Kxe2 Nxh2 39. c8=Q 
Raxc8 40. Nxe7+ Kf8 41. Qxc8 Rxc8 42. Nxc8 B@h1 43. B@d6# 
{Eyefor forfeits on time} 1-0

[Event "fics rated crazyhouse match"]
[Site "fics, Oklahoma City, OK USA"]
[Date "2000.03.28"]
[White "Eyefor"]
[WhiteElo "2316"]
[Black "LordPixel"]
[BlackElo "2343"]
[TimeControl "60+0"]
[Result "0-1"]

1. e4 Nf6 2. e5 Nd5 3. d4 Nc6 4. Bc4 e6 5. Bxd5 exd5 6. Nc3 
B@b4 7. Ne2 d6 8. N@f3 dxe5 9. Nxe5 Nxe5 10. dxe5 P@h3 11. N@e3 hxg2 
12. Nxg2 N@f3+ 13. Kf1 d4 14. Nxd4 Nxd4 15. Bg5 Qxg5 16. P@d7+ Bxd7 17. P@f4 
Qxg2+ 18. Kxg2 P@f3+ 19. Kg3 N@f5+ 20. Kh3 B@g2+ 21. Kg4 h5+ 22. Kg5 N@h3# 
{Eyefor checkmated} 0-1

[Event "fics rated crazyhouse match"]
[Site "fics, Oklahoma City, OK USA"]
[Date "2000.03.28"]
[White "Eyefor"]
[WhiteElo "2302"]
[Black "LordPixel"]
[BlackElo "2357"]
[TimeControl "60+0"]
[Result "0-1"]

1. e4 e6 2. d4 Nf6 3. e5 Nd5 4. Nf3 Nc6 5. Be2 d6 6. exd6 
Bxd6 7. O-O Qe7 8. c4 Nf4 9. c5 Nxe2+ 10. Qxe2 Bxh2+ 11. Nxh2 Nxd4 
12. Qe5 B@f6 13. Qe3 P@e2 14. Re1 Qxc5 15. P@c3 P@c2 16. cxd4 cxb1=Q 17. B@a4+ 
P@c6 18. dxc5 Qxa1 19. Rxe2 N@d5 20. Qd2 R@d4 21. Bxc6+ bxc6 22. Qe1 P@d3 
23. Rd2 B@f4 24. P@c3 Re4 25. P@e3 Bxh2+ 26. Kxh2 N@e2 27. Rxe2 dxe2 28. Qxe2 
Rh4+ 29. P@h3 Qxc1 30. B@g1 R@e1 31. Qxe1 Qxe1 32. Kh1 Q@f1 33. Q@h2 Qexf2 
34. e4 P@g3 35. R@e1 Q2xg1+ 36. Qxg1 Rxh3+ 37. gxh3 P@g2# 
{Eyefor checkmated} 0-1

[Event "fics rated crazyhouse match"]
[Site "fics, Oklahoma City, OK USA"]
[Date "2000.03.28"]
[White "Eyefor"]
[WhiteElo "2289"]
[Black "LordPixel"]
[BlackElo "2370"]
[TimeControl "60+0"]
[Result "1-0"]

1. e4 Nf6 2. Nc3 d5 3. exd5 Nxd5 4. Nf3 e6 5. d4 Bb4 6. Bd2 
Bxc3 7. Bxc3 Nxc3 8. bxc3 P@b2 9. B@b5+ B@c6 10. N@h5 bxa1=Q 11. Nxg7+ Kf8 
12. Qxa1 Bxf3 13. gxf3 N@h4 14. P@g2 N@f4 15. Nxe6+ Nxe6 16. B@h6+ Kg8 17. P@g7 
Nxg7 18. Bxg7 P@d2+ 19. Kxd2 Qg5+ 20. P@f4 Qxg7 21. N@e7+ Kf8 22. Nxc8 N@d5 
23. B@c5+ Kg8 24. P@e7 R@e6 25. P@d7 Nxd7 26. Bxd7 Rxc8 27. Bxc8 Rxe7 28. R@d8+ 
B@f8 29. Bxb7 P@e3+ 30. Kd1 e2+ 31. Bxe2 Rxe2 32. Bxf8 Nxc3+ 33. Qxc3 N@b2+ 
34. Qxb2 Qxf8 35. N@f6+ Kg7 36. N@h5+ Kh6 37. P@g5+ Kg6 38. Rxf8 Rxf8 39. Q@h6+ 
Kf5 40. B@g4# 
{LordPixel checkmated} 1-0

[Event "fics rated crazyhouse match"]
[Site "fics, Oklahoma City, OK USA"]
[Date "2000.03.28"]
[White "LordPixel"]
[WhiteElo "2360"]
[Black "Eyefor"]
[BlackElo "2299"]
[TimeControl "0+1"]
[Result "0-1"]

1. e4 Nf6 2. e5 Nd5 3. d4 e6 4. Nf3 Bb4+ 5. Bd2 d6 6. Bxb4 
Nxb4 7. Bb5+ N8c6 8. a3 B@a6 9. B@g5 Qd7 10. Bxa6 Nxa6 11. exd6 Qxd6 
12. P@f6 gxf6 13. Bxf6 B@a5+ 14. B@c3 Rg8 15. Bxa5 Nxa5 16. B@e7 Qb6 17. b4 
Rxg2 18. bxa5 Qxa5+ 19. P@b4 Qb6 20. N@c4 Qb5 21. Nfe5 B@g1 22. Rxg1 Rxg1+ 
23. Ke2 P@f3+ 24. Nxf3 Qxc4+ 25. P@d3 N@f4+ 26. Ke3 R@e4+ 27. dxe4 Nd5+ 28. exd5 
P@f4+ 29. Kxf4 P@g5+ 30. Bxg5 Rxg5 31. Nxg5 Kxe7 32. P@f6+ Kxf6 33. dxe6 B@d6+ 
34. Kf3 P@g4+ 35. Kg2 Kxg5 36. N@e3 B@f3+ 37. Qxf3 gxf3+ 38. Kh1 P@g2+ 39. Nxg2 
Q@f1+ 40. B@g1 fxg2# 
{LordPixel checkmated} 0-1

[Event "fics rated crazyhouse match"]
[Site "fics, Oklahoma City, OK USA"]
[Date "2000.03.28"]
[White "Eyefor"]
[WhiteElo "2308"]
[Black "LordPixel"]
[BlackElo "2351"]
[TimeControl "0+1"]
[Result "1-0"]

1. e4 Nf6 2. Nc3 d5 3. exd5 Nxd5 4. d4 e6 5. Nxd5 exd5 6. Nf3 
Nc6 7. Be2 P@e4 8. Ng5 N@e6 9. Nxf7 Kxf7 10. N@e5+ Nxe5 11. dxe5 N@h4 
12. Rg1 N@f4 13. Bh5+ Ke7 14. P@f6+ gxf6 15. exf6+ Kxf6 16. P@g5+ Ke7 17. P@f6+ 
Kd7 18. Bxf4 Nxg2+ 19. Rxg2 Nxf4 20. Qg4+ B@e6 21. N@e5+ Kd6 22. Qxf4 P@d2+ 
23. Qxd2 Kxe5 24. N@c4+ dxc4 25. P@f4+ Kf5 26. N@g3# 
{LordPixel checkmated} 1-0

[Event "fics rated crazyhouse match"]
[Site "fics, Oklahoma City, OK USA"]
[Date "2000.03.28"]
[White "LordPixel"]
[WhiteElo "2340"]
[Black "Eyefor"]
[BlackElo "2319"]
[TimeControl "0+1"]
[Result "1-0"]

1. e4 e6 2. d4 d6 3. Nf3 Nf6 4. Bd3 Nc6 5. c3 d5 6. e5 
Ne4 7. O-O Be7 8. Be3 Bd7 9. Qe2 h5 10. Nbd2 Nxd2 11. Bxd2 N@h4 
12. Nxh4 Bxh4 13. N@c5 Qc8 14. N@f4 Bg5 15. Nfxe6 Bxe6 16. Nxe6 Qxe6 17. Bxg5 
N@g4 18. B@f5 Nxd4 19. cxd4 Qb6 20. P@d7+ Kf8 21. B@c5+ Qxc5 22. dxc5 Nxh2 
23. Q@e8+ Rxe8 24. dxe8=Q+ Kxe8 25. R@d8# 
{Eyefor checkmated} 1-0

[Event "fics rated crazyhouse match"]
[Site "fics, Oklahoma City, OK USA"]
[Date "2000.03.28"]
[White "Eyefor"]
[WhiteElo "2311"]
[Black "LordPixel"]
[BlackElo "2348"]
[TimeControl "60+0"]
[Result "1-0"]

1. e4 Nf6 2. Nc3 e6 3. e5 Nd5 4. d4 Bb4 5. Bd2 Bxc3 6. bxc3 
Nc6 7. Nf3 N@e4 8. B@h4 Nce7 9. Bxe7 Qxe7 10. N@b5 B@a5 11. c4 Bxd2+ 
12. Nxd2 B@a5 13. cxd5 Nxd2 14. Nxc7+ Bxc7 15. d6 N@b2 16. Qxd2 Bxd6 17. exd6 
Qxd6 18. N@e4 Qc7 19. N@d6+ Kf8 20. Nxc8 P@e7 21. Nxe7 P@e2 22. Bxe2 N@f4 
23. P@d6 Nxg2+ 24. Kf1 P@e3 25. Qc1 Qb8 26. Qxb2 exf2 27. P@c7 Qe8 28. Kxg2 
P@c4 29. Nxf2 b5 30. Qxb5 Rc8 31. Nxc8 c3 32. R@d8 Qxd8 33. cxd8=Q+ R@e8 
34. P@e7+ Kg8 35. Qxe8# 
{LordPixel checkmated} 1-0

[Event "fics rated crazyhouse match"]
[Site "fics, Oklahoma City, OK USA"]
[Date "2000.03.28"]
[White "LordPixel"]
[WhiteElo "2339"]
[Black "Eyefor"]
[BlackElo "2320"]
[TimeControl "0+1"]
[Result "1-0"]

1. e4 Nf6 2. Nc3 d5 3. exd5 Nxd5 4. Nf3 e6 5. d4 Nxc3 6. bxc3 
P@e4 7. Bb5+ c6 8. Bg5 Qc7 9. Be2 exf3 10. Bxf3 N@b2 11. Qb1 N@c4 
12. P@b3 Bd6 13. bxc4 Nxc4 14. N@h5 f6 15. N@d2 Na3 16. Bxf6 gxf6 17. P@g7 
Rg8 18. Nxf6+ Kd8 19. Qd1 P@b2 20. Rb1 Nxb1 21. Nxb1 R@c1 22. Nxg8 Rxd1+ 
23. Bxd1 Qxg7 24. R@g4 B@g5 25. Rxg5 P@d2+ 26. Nxd2 Qc7 27. B@f6+ Kd7 28. Rg7+ 
Q@e7 29. Nxe7 Bxe7 30. Rxe7+ Kd8 31. N@f7# 
{Eyefor checkmated} 1-0

[Event "fics rated crazyhouse match"]
[Site "fics, Oklahoma City, OK USA"]
[Date "2000.03.28"]
[White "LordPixel"]
[WhiteElo "2338"]
[Black "Eyefor"]
[BlackElo "2321"]
[TimeControl "0+1"]
[Result "1-0"]

1. e4 Nf6 2. Nc3 d5 3. exd5 Nxd5 4. Nf3 e6 5. d4 Nxc3 6. bxc3 
P@e4 7. Bb5+ c6 8. Bg5 Qc7 9. Be2 exf3 10. Bxf3 N@b2 11. Qb1 N@c4 
12. P@b3 Bd7 13. bxc4 Nxc4 14. P@b3 Na3 15. Qb2 P@f6 16. Be3 Na6 17. N@h5 
Nb5 18. N@e4 f5 19. Ng5 Nd6 20. Bf4 h6 21. Nxf7 Kxf7 22. P@c5 Kg8 
23. cxd6 Bxd6 24. Bxd6 Qxd6 25. Nxg7 P@d2+ 26. Kxd2 B@f4+ 27. P@e3 Bxe3+ 28. fxe3 
Kxg7 29. B@e5+ Qxe5 30. N@h5+ Kf8 31. dxe5 N@e4+ 32. Bxe4 N@b1+ 33. Raxb1 fxe4 
34. P@g7+ Ke8 35. gxh8=Q+ B@f8 36. Qxf8+ Kxf8 37. Q@g7+ Ke8 38. R@f8# 
{Eyefor checkmated} 1-0

[Event "fics rated crazyhouse match"]
[Site "fics, Oklahoma City, OK USA"]
[Date "2000.03.28"]
[White "Eyefor"]
[WhiteElo "2313"]
[Black "LordPixel"]
[BlackElo "2346"]
[TimeControl "60+0"]
[Result "1-0"]

1. e4 e6 2. d4 Nf6 3. e5 Nd5 4. Nf3 d6 5. exd6 cxd6 6. Be2 
Nc6 7. O-O Be7 8. c4 Ndb4 9. P@h6 gxh6 10. Bxh6 P@c2 11. P@g7 Rg8 
12. Qd2 P@e4 13. Na3 exf3 14. Bxf3 N@f5 15. Nxc2 Nxc2 16. Bxc6+ bxc6 17. Qxc2 
Nxh6 18. Qxh7 N@e2+ 19. Kh1 B@f6 20. Qxh6 Rxg7 21. P@h7 B@h8 22. P@c3 Rxg2 
23. Kxg2 P@h3+ 24. Kxh3 Nf4+ 25. Kg3 Ne2+ 26. Kf3 Nxd4+ 27. cxd4 Bfg7 28. R@g8+ 
Bef8 29. Rxg7 Bfxg7 30. Qc1 Bxd4 31. P@c3 P@g4+ 32. Ke2 P@f3+ 33. Kd3 Bde5 
34. Kc2 P@g2 35. Re1 Bxh2 36. Kb1 P@d2 37. Qxd2 g1=Q 38. N@g7+ Kf8 39. Rxg1 
Bxg1 40. B@g5 R@f1+ 41. N@c1 Qb6 42. P@f6 Rxc1+ 43. Kxc1 Bxg7 44. R@g8# 
{LordPixel checkmated} 1-0

[Event "fics rated crazyhouse match"]
[Site "fics, Oklahoma City, OK USA"]
[Date "2000.03.28"]
[White "LordPixel"]
[WhiteElo "2337"]
[Black "Eyefor"]
[BlackElo "2322"]
[TimeControl "0+1"]
[Result "1-0"]

1. e4 Nf6 2. Nc3 d5 3. exd5 Nxd5 4. d4 e6 5. Nxd5 exd5 6. Nf3 
Nc6 7. Be2 P@e4 8. Ne5 Nxe5 9. dxe5 N@c4 10. Bxc4 dxc4 11. Qxd8+ Kxd8 
12. Q@d5+ Ke8 13. N@c3 N@g4 14. Nxe4 Bb4+ 15. c3 Nxf2 16. Nxf2 Q@c5 17. N@e3 
Qxd5 18. Nxd5 Q@c6 19. Nxb4 P@d2+ 20. Bxd2 Qxg2 21. N@h4 Qxh1+ 22. Nxh1 R@g1+ 
23. N@f1 Rxh1 24. Q@b5+ B@c6 25. Qxc4 P@g2 26. O-O-O N@a5 27. Qe2 g1=Q 28. Q@d8+ 
Kxd8 29. Bg5+ Ke8 30. Rd8# 
{Eyefor checkmated} 1-0

[Event "fics rated crazyhouse match"]
[Site "fics, Oklahoma City, OK USA"]
[Date "2000.03.28"]
[White "Eyefor"]
[WhiteElo "2314"]
[Black "LordPixel"]
[BlackElo "2345"]
[TimeControl "60+0"]
[Result "1-0"]

1. e4 Nf6 2. e5 Nd5 3. d4 Nc6 4. Bc4 e6 5. Bxd5 exd5 6. Nc3 
B@c4 7. Nf3 h6 8. N@e3 Bb4 9. Nxc4 dxc4 10. d5 Ne7 11. Qd2 N@g4 
12. Qd4 Nxf2 13. Kxf2 Bxc3 14. bxc3 N@b6 15. e6 dxe6 16. Qxg7 Ng6 17. N@e5 
Rf8 18. Bxh6 P@e3+ 19. Kf1 P@b2 20. Rd1 Nxd5 21. Nxg6 P@e2+ 22. Kxe2 Nxc3+ 
23. Qxc3 P@d3+ 24. cxd3 fxg6 25. N@g7+ Kf7 26. dxc4 Qxd1+ 27. Rxd1 R@f2+ 28. Ke1 
N@c2+ 29. Qxc2 Rxc2 30. N@g5+ Kf6 31. N@d5+ exd5 32. Q@e5# 
{LordPixel checkmated} 1-0

[Event "fics rated crazyhouse match"]
[Site "fics, Oklahoma City, OK USA"]
[Date "2000.03.28"]
[White "Eyefor"]
[WhiteElo "2315"]
[Black "LordPixel"]
[BlackElo "2344"]
[TimeControl "60+0"]
[Result "0-1"]

1. d4 e6 2. Nc3 d6 3. e4 Nf6 4. Nf3 Nc6 5. Bb5 Ng4 6. Ng5 
Nxf2 7. Kxf2 P@f6 8. Nf3 Bd7 9. Ke1 Nb4 10. Bxd7+ Qxd7 11. B@a4 B@c6 
12. Bxc6 Nxc6 13. Bf4 e5 14. Be3 exd4 15. Nxd4 Nxd4 16. Qxd4 P@e5 17. Qa4 
Qxa4 18. Nxa4 B@b4+ 19. N@c3 Q@h4+ 20. N@g3 N@d3+ 21. cxd3 Bxc3+ 22. bxc3 N@c2+ 
23. Kd2 Nxe3 24. N@f3 Qh6 25. P@g5 fxg5 26. Kxe3 g4+ 27. Kf2 gxf3 28. gxf3 
P@e3+ 29. Ke2 N@f4+ 30. Kd1 Nxd3 31. B@b5+ B@c6 32. Bxd3 Bxa4+ 33. P@c2 N@b2+ 
34. Ke2 Nxd3 35. cxd3 P@g2 36. Rhg1 Qxh2 37. N@f5 P@f2 38. Rxg2 Qxg2 39. Kxe3 
f1=N+ 40. Nxf1 R@e2# 
{Eyefor checkmated} 0-1

[Event "fics rated crazyhouse match"]
[Site "fics, Oklahoma City, OK USA"]
[Date "2000.03.28"]
[White "LordPixel"]
[WhiteElo "2351"]
[Black "Eyefor"]
[BlackElo "2308"]
[TimeControl "0+1"]
[Result "1-0"]

1. e4 Nf6 2. e5 Nd5 3. d4 e6 4. Nf3 Bb4+ 5. Bd2 d6 6. Bxb4 
Nxb4 7. Bb5+ N8c6 8. a3 B@a6 9. B@g5 Qd7 10. Bxa6 Nxa6 11. exd6 Qxd6 
12. P@f6 gxf6 13. Bxf6 B@a5+ 14. B@c3 Rg8 15. Bxa5 Nxa5 16. B@e7 Qb6 17. b4 
Rxg2 18. bxa5 Qxa5+ 19. P@b4 Qb6 20. N@c4 Qb5 21. Nfe5 P@g7 22. Nc3 gxf6 
23. Nxb5 
{Eyefor forfeits on time} 1-0

[Event "fics rated crazyhouse match"]
[Site "fics, Oklahoma City, OK USA"]
[Date "2000.03.28"]
[White "LordPixel"]
[WhiteElo "2349"]
[Black "Eyefor"]
[BlackElo "2310"]
[TimeControl "0+1"]
[Result "1-0"]

1. e4 e6 2. d4 d6 3. Nf3 Nf6 4. Bd3 Nc6 5. c3 d5 6. e5 
Ne4 7. O-O Be7 8. Be3 Bd7 9. Qe2 Ng5 10. Nxg5 Bxg5 11. Bxg5 Qxg5 
12. N@b5 Qd8 13. B@d6 B@b6 14. Qg4 g6 15. Nxc7+ Bxc7 16. P@g7 Rg8 17. Bxc7 
Qxc7 18. B@f6 B@h6 19. Qh3 N@h5 20. Qxh5 gxh5 21. N@b5 Qb8 22. Nd6+ Qxd6 
23. exd6 Bxg7 24. Bxh7 N@e2+ 25. Kh1 Bxf6 26. Bxg8 P@c2 27. Bxf7+ Kxf7 28. P@g6+ 
Kxg6 29. R@h6+ Kxh6 30. Q@d2+ N@f4 31. Qxc2 B@e4 32. Qxe4 dxe4 33. P@e5 Bxe5 
34. dxe5 Nxg2 35. P@e7 Kh7 36. B@c4 P@f3 37. Bxe2 fxe2 38. N@g5+ Kg8 39. B@h7+ 
Kh8 40. Rg1 Nxe5 41. Bxe4 Rg8 42. P@f7 Rxg5 43. e8=Q+ Bxe8 44. fxe8=Q+ N@g8 
45. B@f6+ P@g7 46. Bxg5 B@f7 47. R@h7# 
{Eyefor checkmated} 1-0

[Event "fics rated crazyhouse match"]
[Site "fics, Oklahoma City, OK USA"]
[Date "2000.03.28"]
[White "Eyefor"]
[WhiteElo "2305"]
[Black "LordPixel"]
[BlackElo "2354"]
[TimeControl "60+0"]
[Result "1-0"]

1. e4 Nf6 2. e5 Nd5 3. d4 Nc6 4. Bc4 e6 5. Bxd5 exd5 6. Nc3 
d6 7. N@g5 dxe5 8. dxe5 Nxe5 9. P@f4 P@b4 10. Qxd5 Qxd5 11. Nxd5 Q@d7 
12. Q@a5 P@b6 13. Nxc7+ Qxc7 14. Qxe5+ Qxe5+ 15. fxe5 Q@c7 16. Q@e2 N@d4 17. N@d6+ 
Qxd6 18. exd6+ Nxe2 19. Q@e5+ Be6 20. Nxe6 Nxc1 21. Nxg7+ Kd7 22. P@e6+ fxe6 
23. B@b5+ P@c6 24. Qxe6+ Kd8 25. Qe8# 
{LordPixel checkmated} 1-0

[Event "fics rated crazyhouse match"]
[Site "fics, Oklahoma City, OK USA"]
[Date "2000.03.28"]
[White "LordPixel"]
[WhiteElo "2345"]
[Black "Eyefor"]
[BlackElo "2314"]
[TimeControl "0+1"]
[Result "0-1"]

1. e4 e6 2. d4 d6 3. Nf3 Nf6 4. Bd3 Nc6 5. c3 e5 6. d5 
Nb8 7. h3 Nbd7 8. Be3 Be7 9. Na3 h5 10. Qe2 h4 11. Nc4 Nb6 
12. Nxb6 axb6 13. Bb5+ Bd7 14. N@f5 Bxb5 15. Qxb5+ Kf8 16. B@d3 B@a6 17. Qxa6 
bxa6 18. N3xh4 Nxd5 19. exd5 Bxh4 20. N@e6+ fxe6 21. dxe6 P@f4 22. Bd2 Bxf2+ 
23. Kxf2 P@e3+ 24. Bxe3 fxe3+ 25. Nxe3 B@g3+ 26. Ke2 N@f4+ 27. Kd2 Q@f2+ 28. P@e2 
Nxd3 29. Kxd3 N@f4+ 30. Kc2 B@e4+ 31. Kb3 Qxe3 32. N@d7+ Qxd7 33. exd7 N@c5+ 
34. Kc4 N@d2+ 35. Kb4 N@c2# 
{LordPixel checkmated} 0-1